 Dungeon Crawl Stone Soup version 0.29-a0-8-g0446c0dae4 (webtiles) character file.

Game seed: 13038085886558392240

63 HallandMoats the Ruffian (level 4, -5/40 HPs)
             Began as a Ghoul Monk on Jan 27, 2022.
             Slain by Ijyb (6 damage)
             ... on level 3 of the Dungeon.
             The game lasted 00:01:32 (1744 turns).

HallandMoats the Ruffian (Ghoul Monk)               Turns: 1744, Time: 00:01:32

Health: -5/40      AC:  2    Str: 14    XL:     4   Next: 9%
Magic:  3/3        EV: 12    Int:  5    God:
Gold:   72         SH:  0    Dex: 13    Spells: 3/3 levels left

rFire   . . .      SeeInvis .     - Unarmed
rCold   + . .      Faith    .   (no shield)
rNeg    + + +      Spirit   .   a - +0 robe
rPois   ∞          Reflect  .   (no helmet)
rElec   .          Harm     .   (no cloak)
rCorr   .          Rampage  .   (no gloves)
Will    .....                   (no boots)
Stlth   +.........              (no amulet)
HPRegen 0.00/turn               (no ring)
MPRegen 0.08/turn               (no ring)

@: confused, inhibited regen
A: claws 1, cold resistance 1, negative energy resistance 3, inhibited
regeneration, torment resistance 2
a: no special abilities


You were on level 3 of the Dungeon.
You visited 1 branch of the dungeon, and saw 3 of its levels.

You collected 72 gold pieces.

Inventory:

Armour
 a - a +0 robe (worn)
Jewellery
 c - a +4 ring of protection
Scrolls
 e - a scroll of noise {unknown}
 g - a scroll of summoning {unknown}
 h - a scroll of blinking {unknown}
 j - a scroll of brand weapon {unknown}
 l - a scroll of fog {unknown}
Potions
 b - a potion of brilliance {unknown}
 d - a potion of magic {unknown}
 f - a potion of attraction {unknown}
 i - a potion of might {unknown}
 k - a potion of haste {unknown}


   Skills:
 * Level 4.0 Fighting
 + Level 1.0 Armour
 + Level 2.9 Dodging
 - Level 2.1 Stealth
 * Level 4.0 Unarmed Combat
 + Level 1.2 Invocations


You had 3 spell levels left.
You didn't know any spells.
Your spell library was empty.

Dungeon Overview and Level Annotations

Branches:
Dungeon (3/15)

Altars:

Annotations:
D:3 Ijyb


Innate Abilities, Weirdness & Mutations

You thrive by killing the living.
You are immune to poison.
You have sharp fingernails.
Your flesh is cold resistant. (rC+)
You are immune to negative energy. (rN+++)
You do not regenerate when monsters are visible.
You are immune to unholy pain and torment.


Message History

Something tries to affect you, but you resist.
You scratch something. Something hits you.
You scratch something. Something barely misses you.
You barely miss something. Something hits you.
You scratch something. Something hits you.
You barely miss something. Something hits you.
You scratch something but do no damage. You scratch something.
Something hits you but does no damage.
You barely miss something. Something hits you.
* * * LOW HITPOINT WARNING * * *
You scratch something but do no damage.
You hear a zap.
Your will is overpowered!
You are confused.
You bump into the rock wall.
You hear a zap.
Something tries to affect you, but you resist.
You miss something. Something hits you.
* * * LOW HITPOINT WARNING * * *
You bump into the rock wall.
You hear a zap.
Your will is overpowered!
You are more confused.
You bump into the rock wall.
Something hits you.
* * * LOW HITPOINT WARNING * * *
You completely miss something. Something hits you but does no damage.
Something hits you.
* * * LOW HITPOINT WARNING * * *
You scratch something but do no damage.
Ijyb appears from thin air!
Reactivating autopickup.
Ijyb misses you.
You bump into the rock wall.
Ijyb hits you with a +0 dagger.
* * * LOW HITPOINT WARNING * * *
You bump into the rock wall.
Ijyb zaps a wand.
Your will is overpowered!
You are more confused.
You scratch Ijyb but do no damage.
Ijyb is severely wounded.
Ijyb screams, "I cut your head off!"
Ijyb zaps a wand.
Your will is overpowered!
You are more confused.
You're too confused to move!
Ijyb hits you with a +0 dagger.
You die...

##.## #.# #.#
#.# #.#
#.######
#......##
######...###
....>......@#
.######...#g#
##.##.#
...##.#
.##.##.# #
####.. #.#
#.# #.#


You could see Ijyb.

Vanquished Creatures
  An adder (D:3)
  A worm (D:2)
  A dart slug (D:1)
  12 endoplasms
  3 giant cockroaches
  5 goblins
  3 hobgoblins (D:1)
  4 jackals (D:1)
  2 quokkas
  3 ball pythons
  A frilled lizard (D:1)
  A kobold (D:2)
  4 rats
41 creatures vanquished.

Notes
Turn   | Place    | Note
-------+----------+-------------------------------------------
     0 | D:1      | HallandMoats the Ghoul Monk began the quest for the Orb.
     0 | D:1      | Reached XP level 1. HP: 19/19 MP: 0/0
    68 | D:1      | Reached XP level 2. HP: 5/26 MP: 1/1
   561 | D:1      | Reached XP level 3. HP: 33/33 MP: 2/2
   854 | D:1      | Found a faded altar of an unknown god.
  1015 | D:1      | Reached skill level 1 in Invocations
  1638 | D:3      | Reached skill level 1 in Armour
  1638 | D:3      | Reached XP level 4. HP: 36/40 MP: 3/3
  1711 | D:3      | Noticed Ijyb
  1741 | D:3      | HP: 1/40 [Ijyb (5)]
  1744 | D:3      | Slain by Ijyb

Illustrated notes

Levels and vault maps discovered:
D:1:      dpeg_arrival_leaves_temple_mockup, layout_loops_ring,
          shapermc_ecumenical_altar_totnotflames, minmay_fountain_box,
          hangedman_decor_push
D:2:      layout_rooms
D:3:      layout_loops_ring, nicolae_overflow_crystal_walls,
          minmay_ogre_servants, uniq_ijyb, uniq_grinder

Skill      XL: |  1  2  3 |
---------------+----------+-----
Invocations    | 1 |  1.2
Fighting       | 4 |  4.0
Armour         | 1 |  1.0
Unarmed Combat | 4 |  4.0
Dodging        | |  2.9
Stealth        | |  2.1

Action                   |  1- 3 |  4- 6 || total
-------------------------+-------+-------++-------
Melee: Unarmed           |   134 |    22 ||   156
       Punch             |     5 |       ||     5
 Stab: Sleeping          |     7 |       ||     7
Armor: Robe              |    17 |     2 ||    19
Dodge: Dodged            |    63 |     3 ||    66

Table legend: (Time is in decaauts)
 A = Elapsed time spent in this place.
 B = Non-inter-level travel time spent in this place.
 C = Inter-level travel time spent in this place.
 D = Time resting spent in this place.
 E = Time spent auto-exploring this place.
 F = Levels seen in this place.
 G = Mean time per level.
                   A        B        C        D        E       F      G
               +--------+--------+--------+--------+--------+-----+--------+
         Total |   1732 |   1713 |     19 |      0 |   1404 |   3 |  577.3 |
       Dungeon |   1732 |   1713 |     19 |      0 |   1404 |   3 |  577.3 |
               +--------+--------+--------+--------+--------+-----+--------+

Top non-repeatable levels by time:
     D:1: 1138 daAuts
     D:2: 423 daAuts
     D:3: 171 daAuts
